 Dungeon Crawl Stone Soup version 0.27-a0-1081-ge8a0a9c698 (webtiles) character file.

Game seed: 3847380493799808442

1889 gimp the Chopper (level 9, -3/65 HPs)
             Began as a Djinni Fighter on Apr 25, 2021.
             Killed by divine providence
             ... invoked by an orc priest
              (14 damage)
             ... on level 6 of the Dungeon.
             The game lasted 00:12:37 (7918 turns).

gimp the Chopper (Djinni Fighter)                   Turns: 7918, Time: 00:12:37

Health: -3/65      AC:  9    Str: 18    XL:     9   Next: 15%
Gold:   279        EV:  7    Int: 10    God:
                   SH: 10    Dex: 13

rFire    + + +     SeeInvis .   a - +3 war axe
rCold    . . .     Faith    .   c - +0 kite shield
rNeg     . . .     Spirit   .   b - +0 scale mail
rPois    ∞         Reflect  .   (no helmet)
rElec    .         Harm     .   g - +1 cloak
rCorr    .         Rampage  .   (no gloves)
Will     .....                  (boots unavailable)
Stlth    ..........             (no amulet)
HPRegen  0.20/turn              j - ring of protection from fire
MPRegen  0.00/turn              f - ring of protection from cold

@: flying
A: fire resistance 2, cold vulnerability 1, float, innate caster, hp casting,
extra vitality 1
a: no special abilities


You were on level 6 of the Dungeon.
You visited 1 branch of the dungeon, and saw 6 of its levels.

You collected 279 gold pieces.

Inventory:

Hand Weapons
 a - a +3 war axe (weapon)
 l - a +0 war axe
Missiles
 h - 7 poisoned darts (quivered)
 p - 2 throwing nets
 r - 7 javelins
Armour
 b - a +0 scale mail (worn)
 c - a +0 kite shield (worn)
 g - a +1 cloak (worn)
Jewellery
 e - a ring of fire
 f - a ring of protection from cold (right hand)
 j - a ring of protection from fire (left hand)
 m - a +6 ring of intelligence
Wands
 s - a wand of digging (1)
 x - a wand of flame (20)
Scrolls
 n - 3 scrolls of enchant armour
 t - a scroll of blinking
 v - 2 scrolls of holy word
Potions
 d - a potion of might
 i - a potion of cancellation
 k - a potion of attraction
 o - 2 potions of curing
 u - a potion of heal wounds
 w - a potion of mutation {unknown}


   Skills:
 - Level 5.0 Fighting
 * Level 7.4 Axes
 - Level 6.0 Armour
 - Level 5.0 Shields


You couldn't memorise any spells.
You knew the following spells:

 Your Spells              Type           Power      Damage    Failure   Level
a - Summon Small Mammal   Summ           0%         N/A       99%         1
b - Blink                 Tloc           N/A        N/A       99%         2
c - Swiftness             Air            0%         N/A       100%        3
d - Lesser Beckoning      Tloc           0%         N/A       100%        3
Your spell library was empty.


Dungeon Overview and Level Annotations

Branches:
Dungeon (6/15)
 Temple: D:4-7

Altars:
Gozag
Nemelex Xobeh
Qazlal
Trog
Xom
Yredelemnul
Zin

Annotations:
D:2 Sigmund
D:4 1 runed translucent door, Crazy Yiuf
D:6 1 runed translucent door, Zonian's ghost, amateur DrIE


Innate Abilities, Weirdness & Mutations

You are immune to poison.
Your flesh is very heat resistant. (rF++)
You are vulnerable to cold. (rC-)
You float through the air rather than walking.
You learn spells naturally, not from books.
Your magical power is your life essence.
You have superior vitality. (+4 HP)


Message History

The orc warrior hits you with a +0 scimitar!
The orc barely misses you.
The orc priest calls upon Beogh to heal the orc.
The orc's wounds heal themselves!
You take 8 damage, and have 40/65 hp.
The orc warrior barely misses you.
The orc priest calls down the wrath of Beogh upon you.
Beogh smites you!
You take 13 damage, and have 27/65 hp.
You hit the orc warrior.
The orc warrior is lightly wounded.
You closely miss something. You miss the orc.
The orc warrior hits you with a +0 scimitar!
The orc hits you but does no damage. Something hits you but does no damage.
You take 7 damage, and have 20/65 hp.
The orc barely misses you.
The orc priest hits you but does no damage.
You feel better. The orc hits you but does no damage. x2
The orc priest hits you but does no damage.
Something hits you but does no damage. You block the orc warrior's attack.
You regained 5 hp, and now have 25/65 hp.
You hit the orc priest.
The orc priest is moderately wounded.
You slash the orc warrior! You barely miss something.
You closely miss the orc. x2
The orc hits you but does no damage. The orc closely misses you.
You block the orc priest's attack.
You hear some strange, mumbled words.
A puff of flame appears from out of thin air!
The puff of flame hits you. You resist.
The orc warrior hits you with a +0 scimitar!
* * * LOW HITPOINT WARNING * * *
The orc barely misses you. x2
You take 14 damage, and have 11/65 hp.
MASSIVE DAMAGE!!
Aiming: Charm
Press: ? - help, Shift-Dir - straight line, f/p - orc warrior
Aim: an orc warrior, wielding a +0 scimitar and wearing a +0 chain mail (heavily wounded, chance to affect: 46%)
The orc warrior is charmed.
The now-empty wand crumbles to dust.
The orc priest calls down the wrath of Beogh upon you.
Beogh smites you!
You die...

#.....#. ##..###### #...
......... #..###..## ##...
.###########........ #....
††≈≈≈≈≈≈≈≈≈......... #....
..≈≈≈†.≈≈≈≈.+#########+#######+##
#.≈≈≈≈≈≈≈≈≈......(...............
############.....................
##+##.....o{o...............
#...#......@o...............
#...##'#####o#####.....#####
##..##...........#.....#....
##..##...........'.....#....
#................#..........
#................#..........
########.###...##..####......._..
.......#.###...##..#.....#'#...P.
.......'..#........+.....+.......


You could see an orc priest (ally target), 2 orcs and a friendly orc warrior
(charmed).

Vanquished Creatures
  Edmund (D:4)
  An ice beast (D:5)
  3 black bears
  A sky beast (D:3)
  2 ogres (D:5)
  2 phantoms (D:5)
  A scorpion (D:4)
  A water moccasin zombie (D:5)
  4 wights (D:6)
  3 crimson imps (D:4)
  A bullfrog zombie (D:5)
  3 hounds
  3 jellies
  A bullfrog skeleton (D:4)
  Jessica (D:2)
  2 iguanas (D:4)
  An orc wizard (D:3)
  A hound skeleton (D:4)
  Robin (D:2)
  7 gnolls
  7 adders
  2 shadow imps (D:6)
  7 dart slugs
  14 orcs
  6 ball pythons
  8 bats
  2 endoplasms
  17 goblins
  5 hobgoblins
  9 jackals (D:1)
  12 quokkas
  A frilled lizard (D:1)
  4 kobolds
  5 rats
139 creatures vanquished.

Vanquished Creatures (others)
  2 plants (D:1)
  3 withered plants (D:6)
5 creatures vanquished.

Grand Total: 144 creatures vanquished

Notes
Turn   | Place    | Note
-------+----------+-------------------------------------------
     0 | D:1      | gimp the Djinni Fighter began the quest for the Orb.
     0 | D:1      | Reached XP level 1. HP: 20/20 MP: 0/0
    67 | D:1      | Reached XP level 2. HP: 25/25 MP: 0/0
   396 | D:1      | Reached XP level 3. HP: 30/30 MP: 0/0
   396 | D:1      | Learned a level 1 spell: Summon Small Mammal
   849 | D:1      | Reached XP level 4. HP: 34/37 MP: 0/0
  1303 | D:2      | Noticed Robin
  1329 | D:2      | Killed Robin
  1630 | D:2      | Noticed Jessica
  1638 | D:2      | Killed Jessica
  1736 | D:2      | Reached XP level 5. HP: 42/42 MP: 0/0
  1736 | D:2      | Learned a level 2 spell: Blink
  1787 | D:2      | Noticed Sigmund
  1816 | D:3      | Noticed a sky beast
  1848 | D:3      | HP: 1/42 [sky beast (6)]
  1855 | D:3      | Killed a sky beast
  1856 | D:3      | Reached skill level 5 in Fighting
  1856 | D:3      | Reached skill level 5 in Shields
  2301 | D:3      | Reached XP level 6. HP: 31/49 MP: 0/0
  2306 | D:3      | Reached skill level 2 in Axes
  2795 | D:3      | Found a stormy altar of Qazlal.
  3559 | D:4      | Reached skill level 3 in Axes
  3631 | D:4      | Reached XP level 7. HP: 54/54 MP: 0/0
  3631 | D:4      | Learned a level 3 spell: Swiftness
  3699 | D:4      | Found a shimmering altar of Xom.
  3738 | D:4      | Found a runed translucent door.
  3739 | D:4      | Noticed Crazy Yiuf
  3781 | D:4      | Noticed Edmund
  4311 | D:4      | Killed Edmund
  4371 | D:4      | Found a glowing silver altar of Zin.
  4567 | D:4      | Found an opulent altar of Gozag.
  4743 | D:4      | Reached skill level 4 in Axes
  4857 | D:5      | Entered Level 5 of the Dungeon
  5867 | D:5      | Reached XP level 8. HP: 49/59 MP: 0/0
  5873 | D:5      | Reached skill level 5 in Axes
  5873 | D:5      | Reached skill level 5 in Armour
  6640 | D:5      | Reached skill level 6 in Axes
  7167 | D:6      | Found a basalt altar of Yredelemnul.
  7213 | D:6      | Reached XP level 9. HP: 20/65 MP: 0/0
  7213 | D:6      | Learned a level 3 spell: Lesser Beckoning
  7218 | D:6      | Reached skill level 7 in Axes
  7624 | D:6      | Found a runed translucent door.
  7624 | D:6      | Found a shimmering altar of Xom.
  7624 | D:6      | Noticed Zonian's ghost (amateur DrIE)
  7625 | D:6      | Noticed a +1 long sword of chaos
  7719 | D:6      | Found a bloodstained altar of Trog.
  7814 | D:6      | Found a sparkling altar of Nemelex Xobeh.
  7918 | D:6      | Killed from afar by an orc priest

Illustrated notes

Levels and vault maps discovered:
D:1:      kennysheep_arrival_forest, layout_basic, serial_forest,
          infiniplex_forest_zigzag_1, infiniplex_forest_clump_medium,
          infiniplex_forest_zigzag_1, infiniplex_forest_lined_room_2,
          infiniplex_forest_end_3, infiniplex_forest_zigzag_2,
          infiniplex_forest_zigzag_1, infiniplex_forest_straight_2,
          infiniplex_forest_clump_double
D:2:      layout_rooms, minmay_liquid_box, chequers_hall_statues_y, uniq_robin,
          uniq_jessica, uniq_sigmund
D:3:      layout_rooms, nicolae_qazlal_eye_of_the_storm
D:4:      layout_loops_ring, pdpol_temple_overflow_zin_treasury_gozag_greed,
          led_xom_imps, uniq_edmund, uniq_crazy_yiuf_cottage
D:5:      layout_basic, chequers_decorated_corner, chequers_serial_rivers_marsh,
          dk_noncrumbling_3
D:6:      layout_gridville, kennysheep_little_box, yredelemnul_altar_generic,
          nemelex_xobeh_ov_fountains_minmay, portal_sewer_entry_f,
          ebering_ghost_xom, hangedman_decor_push, minivault_10

Skill      XL: |  1  2  3  4  5  6  7  8  9 |
---------------+----------------------------+-----
Fighting       | 4 5 |  5.0
Shields        | 4 5 |  5.0
Axes           | 3 4 6 7 |  7.4
Armour         | 4 6 |  6.0

Action                   |  1- 3 |  4- 6 |  7- 9 || total
-------------------------+-------+-------+-------++-------
Melee: War axe           |    93 |   207 |   242 ||   542
Throw: Dart              |       |     2 |    16 ||    18
Evoke: Wand              |       |       |     7 ||     7
  Use: Scroll            |       |     5 |     4 ||     9
       Potion            |       |     3 |     3 ||     6
Armor: Scale mail        |    57 |   119 |   105 ||   281
       Skin              |       |    10 |       ||    10
Dodge: Dodged            |    39 |    73 |    91 ||   203
Block: Kite shield       |    56 |   120 |   170 ||   346

Table legend: (Time is in decaauts)
 A = Elapsed time spent in this place.
 B = Non-inter-level travel time spent in this place.
 C = Inter-level travel time spent in this place.
 D = Time resting spent in this place.
 E = Time spent auto-exploring this place.
 F = Levels seen in this place.
 G = Mean time per level.
                   A        B        C        D        E       F      G
               +--------+--------+--------+--------+--------+-----+--------+
         Total |   8225 |   7987 |    238 |    456 |   5813 |   6 | 1370.8 |
       Dungeon |   8225 |   7987 |    238 |    456 |   5813 |   6 | 1370.8 |
               +--------+--------+--------+--------+--------+-----+--------+

Top non-repeatable levels by time:
     D:4: 2380 daAuts
     D:3: 1597 daAuts
     D:1: 1526 daAuts
     D:5: 1329 daAuts
     D:6: 1020 daAuts
     D:2: 370 daAuts
